 Dungeon Crawl Stone Soup version 0.30-b1-2-g02819fbbbe (webtiles) character file.

Game seed: 1756666112523899359

499 ViperIII the Trooper (level 7, 0/61 HPs)
             Began as a Hill Orc Fighter on May 13, 2023.
             Succumbed to Edmund's poison
             ... on level 4 of the Dungeon.
             The game lasted 00:06:56 (3980 turns).

ViperIII the Trooper (Hill Orc Fighter)             Turns: 3980, Time: 00:06:56

Health: 0/61       AC: 11    Str: 20 (21) XL:     7   Next: 16%
Magic:  7/7        EV: 10    Int: 10 (11) God:
Gold:   188        SH:  4    Dex:  9 (10) Spells: 6/6 levels left

rFire   . . .        a - +0 rapier
rCold   . . .        c - +0 buckler
rNeg    . . .        l - +5 ring mail "Mupenn" {Int+3}
rPois   .            (helmet restricted)
rElec   .            (no cloak)
rCorr   .            (no gloves)
SInv    .            (no boots)
Will    .....        (no amulet) Stlth
                     (no ring)
HPRegen 0.30/turn    (no ring)
MPRegen 0.10/turn

%: no passive effects
@: mighty, lethally poisoned (0 -> -9)
A: horns 1, no potion heal 1
a: no special abilities


You were on level 4 of the Dungeon.
You visited 1 branch of the dungeon, and saw 4 of its levels.

You collected 188 gold pieces.

Inventory:

Hand Weapons
 a - a +0 rapier (weapon)
Missiles
 k - 22 poisoned darts (quivered)
 q - 2 throwing nets
Armour
 b - a +1 scale mail
 c - a +0 buckler (worn)
 l - the +5 ring mail "Mupenn" (worn) {Int+3}
   (You found it on level 2 of the Dungeon)

   Int:       It affects your intelligence (+3).
Jewellery
 g - a +6 ring of dexterity
 h - a ring of ice
Wands
 e - a wand of charming (11)
 m - a wand of acid (11)
Scrolls
 i - 5 scrolls of identify
 n - a scroll of teleportation
 o - a scroll of summoning {unknown}
 p - a scroll of blinking {unknown}
Potions
 f - a potion of mutation


   Skills:
 + Level 5.2 Fighting
 + Level 4.1 Short Blades
 + Level 0.4 Throwing
 + Level 5.1 Armour
 + Level 1.7 Dodging
 + Level 0.3 Stealth
 + Level 4.5 Shields


You had 6 spell levels left.
You didn't know any spells.
Your spell library contained the following spells:

 Spells                   Type           Power      Damage    Failure   Level
 Apportation              Tloc           0%         N/A       58%         1
 Necrotise                Necr           0%         1d4       58%         1
 Summon Small Mammal      Summ           0%         N/A       58%         1
 Blink                    Tloc           0%         N/A       75%         2
 Lesser Beckoning         Tloc           0%         N/A       75%         2
 Momentum Strike          Conj/Tloc      0%         3d8       75%         2


Dungeon Overview and Level Annotations

Branches:
Dungeon (4/15)
 Temple: D:4-7

Altars:
Ashenzari
Nemelex Xobeh
Xom
The Shining One

Shops:
D:1 !   D:2 ?


Innate Abilities, Weirdness & Mutations

You have a pair of small horns on your head.
Potions are less effective at restoring your health.


Message History

Edmund closely misses you. Edmund attacks as you move away!
Edmund hits you but does no damage.
You are poisoned.
You feel sick.
You hit Edmund. You headbutt Edmund, but do no damage.
Edmund is moderately wounded.
You feel sick.
Edmund hits you with a +0 flail of venom!
* * * LOW HITPOINT WARNING * * *
You are lethally poisoned!
Your system partially rejects the healing.
You feel better. Edmund barely misses you.
You feel very mighty all of a sudden. Edmund hits you but does no damage.
You are poisoned.
You puncture Edmund!
Edmund is heavily wounded.
You feel very sick. Edmund hits you but does no damage.
You are lethally poisoned!
You puncture Edmund!
Edmund is severely wounded.
* * * LOW HITPOINT WARNING * * *
You feel very sick.
Edmund hits you with a +0 flail of venom.
* * * LOW HITPOINT WARNING * * *
You are more poisoned.
You hit Edmund. You headbutt Edmund, but do no damage.
Edmund is severely wounded.
* * * LOW HITPOINT WARNING * * *
You feel very sick. Edmund barely misses you.
You puncture Edmund!
Edmund is almost dead.
* * * LOW HITPOINT WARNING * * *
You feel very sick. Edmund barely misses you.
You hit Edmund.
You kill Edmund!
You die...

#..........#...#.......#...#.# #.
##.....##..#...+..._...'...+.###.
#.....##......#.......#...#....#
+......#....###.......#####..#..
#......#...............#.....#..
#......'.....#⌠.##+##.⌠#.....#..
#......#...#..#.#...##.#.....#..
#####.###'##....#...#.......##..
####.....#.@#...#.......# ..
#.....#.)#.###.......# .. ..
#)....+..............###. ...
#))...#..#.............## ....
#.)...#..#.............#.
....#+##)....#..#.............'.
.......<.....#..+.............##
........###+##..#......####.....
........# ...#......# #.....


There were no monsters in sight!

Vanquished Creatures
  Sigmund (D:4)
  Edmund (D:4)
  A centaur (D:4)
  Crazy Yiuf (D:3)
  Terence (D:3)
  Robin (D:3)
  5 adders
  4 gnolls
  A worm (D:3)
  2 dart slugs (D:2)
  7 orcs
  6 ball pythons
  2 endoplasms
  3 giant cockroaches
  17 goblins
  10 hobgoblins
  3 jackals (D:3)
  11 kobolds
  7 quokkas
  4 bats
  3 frilled lizards
  6 rats
97 creatures vanquished.

Vanquished Creatures (others)
  A plant (D:3)
1 creature vanquished.

Grand Total: 98 creatures vanquished

Notes
Turn   | Place    | Note
-------+----------+-------------------------------------------
     0 | D:1      | ViperIII the Hill Orc Fighter began the quest for the Orb.
     0 | D:1      | Reached XP level 1. HP: 19/19 MP: 1/1
    44 | D:1      | Reached XP level 2. HP: 20/27 MP: 2/2
   480 | D:1      | Found a faded altar of an unknown god.
   626 | D:1      | Found Porghae's Distillery.
   638 | D:1      | Reached XP level 3. HP: 33/33 MP: 3/3
  1117 | D:2      | Found Xutyadgh's Magic Scroll Boutique.
  1303 | D:2      | Identified the +5 ring mail "Mupenn" {Int+3}
  1498 | D:2      | Reached XP level 4. HP: 40/40 MP: 4/4
  1678 | D:3      | Found a runed translucent door.
  1679 | D:3      | Noticed Crazy Yiuf
  1688 | D:3      | Killed Crazy Yiuf
  1985 | D:3      | Found a shimmering altar of Xom.
  2004 | D:3      | Noticed Robin
  2021 | D:3      | Reached XP level 5. HP: 47/47 MP: 5/5
  2043 | D:3      | Killed Robin
  2258 | D:3      | Noticed Terence
  2290 | D:3      | Killed Terence
  2506 | D:3      | Found a glowing golden altar of the Shining One.
  2764 | D:3      | Found a sparkling altar of Nemelex Xobeh.
  3026 | D:3      | Gained mutation: Potions are less effective at restoring
                  | your health. [potion of mutation]
  3026 | D:3      | Gained mutation: You have a pair of small horns on your
                  | head. [potion of mutation]
  3131 | D:4      | Identified the +6 short sword "Demon's Funeral" {heavy,
                  | rElec}
  3190 | D:4      | Noticed a centaur
  3222 | D:4      | Killed a centaur
  3223 | D:4      | Reached skill level 1 in Dodging
  3223 | D:4      | Reached XP level 6. HP: 37/55 MP: 6/6
  3371 | D:4      | Noticed Sigmund
  3627 | D:4      | Killed Sigmund
  3628 | D:4      | Reached skill level 5 in Fighting
  3628 | D:4      | Reached skill level 5 in Armour
  3628 | D:4      | Reached XP level 7. HP: 43/61 MP: 7/7
  3844 | D:4      | Found a broken altar of Ashenzari.
  3951 | D:4      | Noticed Edmund
  3979 | D:4      | HP: 2/61 [poisoned by Edmund]
  3980 | D:4      | Killed Edmund
  3980 | D:4      | Succumbed to Edmund's poison

Illustrated notes

Levels and vault maps discovered:
D:1:      ncdulo_watergridlock, layout_loops_corners, serial_shops,
          nicolae_shop_pleasant_corner_grove,
          shapermc_ecumenical_altar_flowoftime
D:2:      layout_basic, serial_shops, shop
D:3:      corexii_shack_village, layout_basic, mainiacjoe_overflow_alcove_2,
          lemuel_tele_altar, lemuel_crystal_altar, interstate_on_off,
          uniq_terence, uniq_robin, uniq_crazy_yiuf_cottage
D:4:      layout_gridville, evilmike_ruin_ashenzari,
          hangedman_decor_clover_reticule, amcnicky_mini_pool_small,
          uniq_edmund, uniq_sigmund

Skill      XL: |  1  2  3  4  5  6 |
---------------+-------------------+-----
Fighting       | 4 5 |  5.2
Short Blades   | 3 4 |  4.1
Armour         | 4 5 |  5.1
Shields        | 4 |  4.5
Dodging        | 1 |  1.7
Throwing       | |  0.4
Stealth        | |  0.3

Action                     |  1- 3 |  4- 6 |  7- 9 || total
---------------------------+-------+-------+-------++-------
  Melee: Rapier            |   118 |   261 |    64 ||   443
         Headbutt          |       |    16 |    16 ||    32
  Throw: Dart              |       |     4 |       ||     4
    Use: Scroll            |     4 |     3 |       ||     7
         Potion            |     1 |     4 |     3 ||     8
 Armour: Scale mail        |    34 |       |       ||    34
         Ring mail         |     9 |   138 |    34 ||   181
  Dodge: Dodged            |    44 |   171 |    32 ||   247
  Block: Buckler           |    25 |    57 |    11 ||    93
